 Dungeon Crawl Stone Soup version 0.31-a0-1074-g0b22e4e0f1 (webtiles) character file.

Game seed: 7816670714779545292

1141 bmb222 the Ruffian (level 8, -1/52 HPs)
             Began as an Octopode Shapeshifter on Nov 28, 2023.
             Was an Elder of Cheibriados.
             Slain by a killer bee (8 damage)
             ... on level 7 of the Dungeon.
             The game lasted 00:08:51 (6451 turns).

bmb222 the Ruffian (Octopode Shapeshifter)          Turns: 6451, Time: 00:08:52

Health: -1/52      AC:  1    Str: 25    XL:     8   Next: 37%
Magic:  5/8        EV: 15    Int: 23    God:    Cheibriados [****..]
Gold:   297        SH:  0    Dex: 21    Spells: 7/7 levels left

rFire   . .          .
                       - Unarmed
rCold   . . .        (no shield)
rNeg    . . .        (helmet currently unavailable)
rPois   .            (no amulet)
rElec   .            (no ring)
rCorr   .            (no ring)
SInv    .            (no ring)
Will    .....        (no ring)
Stlth   ++++         (no ring)
HPRegen 0.28/turn    (no ring)
MPRegen 0.11/turn    (no ring)
                     (no ring)

%: no passive effects
@: lethally poisoned (-1 -> -8), beast-form, very slow
A: beast (slay +2), almost no armour, amphibious, 8 rings, camouflage 1,
gelatinous body 1, (nimble swimmer 1), tentacles
a: Begin Untransformation, Renounce Religion, Bend Time, Temporal Distortion,
Slouch


You were on level 7 of the Dungeon.
You worshipped Cheibriados.
Cheibriados was greatly pleased with you.
You were a hulking beast.
You visited 1 branch of the dungeon, and saw 7 of its levels.

You collected 297 gold pieces.

Inventory:

Hand Weapons
 p - a +1 sling of flaming
Missiles
 m - 3 boomerangs (quivered)
Talismans
 b - a beast talisman
 c - a flux talisman
Wands
 f - a wand of flame (32)
 y - a wand of iceblast (2)
Scrolls
 e - a scroll of enchant armour
 k - 2 scrolls of fog
 l - a scroll of noise
 q - a scroll of immolation
 r - a scroll of fear
 v - 2 scrolls of teleportation
 x - a scroll of vulnerability
Potions
 a - a potion of lignification
 d - a potion of berserk rage
 g - 3 potions of curing
 h - 2 potions of resistance {unknown}
 i - a potion of attraction {unknown}
 j - 2 potions of might {unknown}
 n - 2 potions of heal wounds {unknown}
 o - 2 potions of mutation {unknown}
 s - a potion of magic {unknown}
 t - 2 potions of haste {unknown}
 u - a potion of brilliance {unknown}


   Skills:
 * Level 3.1 Fighting
 * Level 2.5 Throwing
 + Level 3.2 Dodging
 - Level 5.2 Stealth
 - Level 7.3 Unarmed Combat
 * Level 3.9 Shapeshifting


You had 7 spell levels left.
You didn't know any spells.
Your spell library was empty.

Dungeon Overview and Level Annotations

Branches:
Dungeon (7/15)
 Temple: D:4-7

Altars:
Cheibriados
Elyvilon
Makhleb
Ru

Shops:
D:6 :

Annotations:
D:3 1 runed translucent door, MrSquiggles's ghost, amateur MiFi
D:5 3 runed translucent doors, SheepSpotted's ghost, novice MeCA


Innate Abilities, Weirdness & Mutations

You are a hulking beast.
Your limbs bulge with bestial killing power. (Slay +2)
You cannot wear most types of armour.
You are amphibious.
You can wear up to eight rings at the same time.
Your skin changes colour to match your surroundings (Stealth+).
Your rubbery body absorbs attacks. (AC +1, EV +1)
((You are camouflaged when in or above water. (Stealth+)))
You have tentacles for arms and can constrict up to eight enemies at once.


Message History

You hear the faint creaking of a very distant portcullis.
As you read the scroll of identify, it crumbles to dust.
d - a potion of berserk rage As you open the door, it creaks loudly!
You hear an angry buzzing noise.
You hear a croak.
There is an open door here. 5 killer bees come into view.
A bullfrog comes into view.
The killer bee stings you but does no damage.
The killer bee closely misses you. The killer bee stings you.
The killer bee barely misses you. The killer bee barely misses you.
The killer bee stings you.
You are poisoned.
The killer bee poisons you! The killer bee stings you!
The bullfrog closely misses you.
Okay, then.
The flow of time bends around you.
Cheibriados rebukes the killer bee.
The killer bee seems to slow down.
Cheibriados rebukes the bullfrog.
The bullfrog seems to slow down.
You feel sick. The killer bee stings you! The bullfrog misses you.
The killer bee stings you but does no damage.
Unknown command.
You feel very sick. The killer bee misses you.
You miss the killer bee.
The killer bee buzzes angrily. x2
Your grab misses the killer bee. The killer bee barely misses you.
The bullfrog hits you!
You feel sick. The killer bee completely misses you.
The bullfrog hits you but does no damage.
You feel sick. The killer bee stings you.
* * * LOW HITPOINT WARNING * * *
You are lethally poisoned!
The killer bee poisons you! The killer bee misses you. x2
There is an open door here.
* * * LOW HITPOINT WARNING * * *
You feel very sick. The killer bee barely misses you.
The killer bee stings you!
You die...

#####
############...#####
#.........y#.F.y...#
#.........hyy......+
#.........y####....#
#######..........#
#....#
#..........#######
#....# #.........##
#...y# #.....!...#
#.y..# #.........#
#...y# #.)..(....#
...... ########'##


You could see a bullfrog (slow) and 5 killer bees.

Vanquished Creatures
  Edmund (D:5)
  3 ogres
  2 bullfrogs (D:6)
  2 scorpions (D:6)
  4 orc priests
  4 iguanas
  An orc wizard (D:4)
  A sleepcap (D:6)
  A gnoll (D:4)
  6 adders
  4 shadow imps
  3 ufetubi
  4 worms
  8 dart slugs
  6 orcs (D:3)
  13 ball pythons
  9 endoplasms
  A giant cockroach (D:1)
  8 goblins
  4 hobgoblins
  11 jackals
  6 quokkas
  10 bats
  2 frilled lizards
  10 kobolds
  12 rats
136 creatures vanquished.

Notes
Turn   | Place    | Note
-------+----------+-------------------------------------------
     0 | D:1      | bmb222 the Octopode Shapeshifter began the quest for the
                  | Orb.
     0 | D:1      | Reached XP level 1. HP: 13/13 MP: 1/1
   139 | D:1      | Reached skill level 1 in Stealth
   139 | D:1      | Reached XP level 2. HP: 3/18 MP: 2/2
   507 | D:1      | Reached XP level 3. HP: 23/23 MP: 3/3
  1136 | D:2      | Found a faded altar of an unknown god.
  1181 | D:2      | Reached skill level 4 in Unarmed Combat
  1184 | D:2      | Prayed at the altar of an unknown god.
  1184 | D:2      | Became a worshipper of Cheibriados the Contemplative
  1184 | D:2      | Reached * piety under Cheibriados
  1223 | D:2      | Reached XP level 4. HP: 28/28 MP: 4/4
  1503 | D:2      | Reached ** piety under Cheibriados
  1748 | D:3      | Found a runed translucent door.
  1749 | D:3      | Noticed MrSquiggles's ghost (amateur MiFi)
  1968 | D:3      | Reached XP level 5. HP: 19/33 MP: 5/5
  2237 | D:3      | Reached *** piety under Cheibriados
  2442 | D:3      | Reached skill level 5 in Unarmed Combat
  3812 | D:4      | Reached skill level 5 in Stealth
  3812 | D:4      | Reached XP level 6. HP: 26/38 MP: 6/6
  4379 | D:4      | Reached **** piety under Cheibriados
  4462 | D:5      | Entered Level 5 of the Dungeon
  4727 | D:5      | Noticed SheepSpotted's ghost (novice MeCA)
  4883 | D:5      | Noticed Edmund
  4929 | D:5      | Reached skill level 1 in Throwing
  4929 | D:5      | Reached skill level 6 in Unarmed Combat
  4929 | D:5      | Reached XP level 7. HP: 44/44 MP: 7/7
  4934 | D:5      | Found a runed translucent gate.
  4934 | D:5      | Found a runed translucent gate.
  4934 | D:5      | Found a runed translucent gate.
  5343 | D:5      | Killed Edmund
  5477 | D:5      | Found a white marble altar of Elyvilon.
  5486 | D:5      | Found a burning altar of Makhleb.
  5489 | D:5      | Found a sacrificial altar of Ru.
  5710 | D:6      | Identified the +3 leather armour "Talummar" {MP+9}
  5723 | D:6      | Reached skill level 7 in Unarmed Combat
  5757 | D:6      | Reached XP level 8. HP: 51/51 MP: 8/8
  5882 | D:6      | Found Jatiforch's Self-Published Books.
  6451 | D:7      | Slain by a killer bee

Illustrated notes

Levels and vault maps discovered:
D:1:      sevenhm_arrival_forest_fort_large_3, layout_basic,
          chequers_mini_garden, minmay_misc_feat_plants, nicolae_wormholes
D:2:      layout_basic, nicolae_ecumenical_snake_handling
D:3:      layout_loops_corners, gammafunk_ghost_grave, minmay_joined_circles
D:4:      layout_basic
D:5:      layout_gridville, grunt_temple_overflow_open, gammafunk_ghost_split,
          minmay_fractal_squares_5, uniq_edmund
D:6:      layout_loops_ring, nicolae_custom_books
D:7:      layout_basic, nicolae_kikubaaqudgha_miasma_corner, okawaru_humans,
          mainiacjoe_overflow_divided_tiny, minmay_temple_entry_stoned_glass,
          enter_bailey_2, kennysheep_generic_room_3, uniq_menkaure

Skill      XL: |  1  2  3  4  5  6  7  8 |
---------------+-------------------------+-----
Stealth        | 1 2 3 5 |  5.2
Unarmed Combat | 4 5 6 7 |  7.3
Throwing       | 1 2 |  2.5
Fighting       | 2 3 |  3.1
Dodging        | 3 |  3.2
Shapeshifting  | |  3.9

Action                     |  1- 3 |  4- 6 |  7- 9 || total
---------------------------+-------+-------+-------++-------
  Melee: Unarmed           |    77 |   122 |    47 ||   246
         Constrict         |    17 |    29 |    12 ||    58
         Tentacles         |     8 |    20 |    12 ||    40
         Punch             |     3 |     5 |     3 ||    11
  Throw: Boomerang         |       |     6 |     2 ||     8
 Invoke: Bend Time         |       |       |     1 ||     1
    Use: Scroll            |       |     9 |     3 ||    12
   Stab: Sleeping          |    11 |    19 |     6 ||    36
         Distracted        |       |       |     1 ||     1
 Armour: Skin              |    26 |    57 |    24 ||   107
  Dodge: Dodged            |    45 |    76 |    42 ||   163

Table legend: (Time is in decaauts)
 A = Elapsed time spent in this place.
 B = Non-inter-level travel time spent in this place.
 C = Inter-level travel time spent in this place.
 D = Time resting spent in this place.
 E = Time spent auto-exploring this place.
 F = Levels seen in this place.
 G = Mean time per level.
                   A        B        C        D        E       F      G
               +--------+--------+--------+--------+--------+-----+--------+
         Total |   8583 |   8260 |    323 |   1570 |   5104 |   7 | 1226.1 |
       Dungeon |   8583 |   8260 |    323 |   1570 |   5104 |   7 | 1226.1 |
               +--------+--------+--------+--------+--------+-----+--------+

Top non-repeatable levels by time:
     D:4: 2186 daAuts
     D:3: 1748 daAuts
     D:5: 1470 daAuts
     D:6: 1105 daAuts
     D:1: 982 daAuts
     D:2: 889 daAuts
     D:7: 201 daAuts
